 Dungeon Crawl Stone Soup version 0.28-a0-1387-g3a22ab9bdc (webtiles) character file.

Game seed: 13317033065342879597

4204 rogsnak the Destroyer (level 10, -1/68 HPs)
             Began as a Demonspawn Air Elementalist on Jan 2, 2022.
             Was an Initiate of Sif Muna.
             Slain by an efreet (2 damage)
             ... on level 1 of the Abyss.
             The game lasted 00:27:46 (10725 turns).

rogsnak the Destroyer (DsAE)                       Turns: 10725, Time: 00:27:46

Health: -1/68      AC:  7    Str:  4      XL:     10   Next: 8%
Magic:  0/16       EV: 12    Int: 24      God:    Sif Muna [......]
Gold:   434        SH:  0    Dex: 13 (15) Spells: 15/23 levels left

rFire   + . .      SeeInvis .   j - +3 short sword (elec)
rCold   . . .      Faith    .   (no shield)
rNeg    . . .      Spirit   +   l - +1 troll leather armour
rPois   .          Reflect  .   f - +0 helmet
rElec   .          Harm     .   t - +0 cloak
rCorr   .          Rampage  .   (no gloves)
Will    .....                   (no boots)
Stlth   ++........              (no amulet)
HPRegen 1.01/turn               x - +6 ring of dexterity
MPRegen 0.30/turn               z - ring of protection from fire

@: no status effects
A: magic shield, magic regeneration, big brain 1, [clumsy 2], [deterioration 2],
[low mp 2], [weak 2]
a: Renounce Religion


You were on level 1 of the Abyss.
You worshipped Sif Muna.
Sif Muna was noncommittal.
You visited 2 branches of the dungeon, and saw 11 of its levels.
You visited the Abyss 1 time.

You collected 434 gold pieces.

Inventory:

Hand Weapons
 c - a +5 scimitar
 j - a +3 short sword of electrocution (weapon)
 n - a +2 trident of protection
 s - a +2 flail of draining
Missiles
 q - 7 curare-tipped darts
 r - 15 poisoned darts
 w - 5 silver javelins
 K - 4 boomerangs of dispersal
Armour
 a - a +0 robe
 f - a +0 helmet (worn)
 k - a scarf of invisibility
 l - a +1 troll leather armour (worn)
 t - a +0 cloak (worn)
 E - a +0 buckler
 O - +0 steam dragon scales
Magical Staves
 o - a staff of fire
Jewellery
 u - a ring of ice
 x - a +6 ring of dexterity (left hand)
 z - a ring of protection from fire (right hand)
 N - a ring of protection from fire
Wands
 v - a wand of flame (9)
 y - a wand of paralysis (16)
 I - a wand of acid (18)
 L - a wand of polymorph (9)
 M - a wand of charming (4)
Scrolls
 d - a scroll of vulnerability
 h - 10 scrolls of identify {unknown}
 A - a scroll of acquirement
 B - 3 scrolls of enchant armour
 J - 4 scrolls of noise {unknown}
 R - a scroll of torment {unknown}
Potions
 b - 3 potions of curing
 g - 3 potions of attraction {unknown}
 i - 2 potions of haste {unknown}
 m - a potion of degeneration {unknown}
 F - a potion of flight {unknown}
 G - a potion of ambrosia {unknown}
 Q - a potion of lignification {unknown}
 S - a potion of brilliance {unknown}


   Skills:
 + Level 2.5 Fighting
 + Level 0.2 Armour
 + Level 3.9 Dodging
 + Level 1.8 Stealth
 + Level 7.3 Spellcasting
 * Level 8.7 Conjurations
 + Level 7.4 Air Magic


You had 15 spell levels left.
You knew the following spells:

 Your Spells              Type           Power      Damage    Failure   Level
a - Shock                 Conj/Air       100%       1d9       1%          1
b - Swiftness             Air            44%        N/A       1%          3
c - Airstrike             Air            22%        N/A       6%          4

Your spell library contained the following spells:

 Spells                   Type           Power      Damage    Failure   Level
 Static Discharge         Conj/Air       47%        N/A       1%          2
 Beastly Appendage        Tmut           16%        N/A       12%         1
 Passwall                 Tmut/Erth      6%         N/A       19%         2
 Sublimation of Blood     Necr           8%         N/A       19%         2
 Wereblood                Tmut           8%         N/A       19%         2
 Frozen Ramparts          Ice            16%        1d3       36%         3
 Spider Form              Tmut/Pois      8%         N/A       36%         3
 Irradiate                Conj/Tmut      14%        3d18      50%         5
 Ice Form                 Ice/Tmut       8%         N/A       77%         4
 Summon Ice Beast         Ice/Summ       8%         N/A       77%         4
 Blade Hands              Tmut           4%         N/A       98%         5
 Dragon Form              Tmut           4%         N/A       100%        7
 Summon Hydra             Summ           4%         N/A       100%        7


Dungeon Overview and Level Annotations

Branches:
Dungeon (10/15)            Temple (1/1) D:7
   Lair: D:8-11         Orc: D:9-12

Altars:
Cheibriados
Elyvilon
Makhleb
Qazlal
Sif Muna
Trog
Uskayaw
Vehumet
Xom
Yredelemnul
Zin
The Shining One

Shops:
D:3 *   D:6 :

Annotations:
D:4 Sigmund
D:10 Erolcha


Innate Abilities, Weirdness & Mutations

When hurt, damage is shared between your health and your magic reserves.
You regenerate magic rapidly.
You have an unusually large brain. (Int +2)
[You are very clumsy. (Dex -4)]
[Your body often deteriorates upon taking damage.]
[Your magical capacity is very low. (-20% MP)]
[You are very weak. (Str -4)]


Message History

The large abomination hits you!!
A wretched star comes into view.
The wretched star pulses with an eldritch light!
You feel yourself wasting away.
You feel your body start to fall apart.
An efreet comes into view.
It is wielding a +3 scimitar of flaming.
Unknown command.
A vampire mage comes into view.
The chaos spawn barely misses you.
The wretched star pulses with an eldritch light!
You feel less energetic. x2
The vampire mage casts a spell.
The vampire mage flickers and vanishes!
Deactivating autopickup; reactivate with Ctrl-A.
The efreet gestures at you.
The fireball explodes!
The fireball engulfs you. You resist.
The fireball engulfs the chaos spawn!
You hear a chilling moan.
Unknown command.
The efreet hits you with a +3 scimitar of flaming.
A large abomination comes into view.
The large abomination moves out of view.
The wretched star pulses with an eldritch light!
You feel clumsy. x2; You feel weaker. x2
As you read the scroll labelled VAOV IRYNWANESS, it crumbles to dust.
The scroll dissolves into smoke.
It was a scroll of fog.
The chaos spawn hits you!
Your body deteriorates!
You feel clumsy. The chaos spawn shocks you!
* * * LOW HITPOINT WARNING * * *
Unknown command.
As you read the scroll labelled QIUHENA PUED, it crumbles to dust.
The creatures around you are filled with an inner flame!
It was a scroll of immolation.
The chaos spawn splatters into many small globs of multi-coloured light, then recombines.
The chaos spawn barely misses you.
The efreet hits you with a +3 scimitar of flaming!!
* * * LOW HITPOINT WARNING * * *
Your body deteriorates!
You feel clumsy. The efreet burns you.
You die...

.# . #. . . ###
. # R. .# #.##.#
.##.#....#. #
.##.#.#..#######
.X.#..##...#§R§#
. ##.*#...°##
X4@# #
###X####*.X#§§##
..##.#.
*.#.#.§## #
..#X# #.#..#
.#.#...## .####.
.#.#.#. . ..#
..#.#.. ... ...#
......# ##. ..##
#.#.## #. #..


You could see a large abomination, an efreet (inner flame) and a chaos spawn
(inner flame).

Vanquished Creatures
  An unseen horror (D:9)
  A troll (D:9)
  A wyvern (D:10)
  A vampire (D:5)
  A steam dragon (D:9)
  Menkaure (D:4)
  Edmund (D:4)
  An acid dragon (D:9)
  5 orc warriors
  An ice beast (D:6)
  A sky beast (D:7)
  2 black bears
  A centaur (D:9)
  A phantom (D:5)
  6 bullfrogs
  A wyvern zombie (D:9)
  4 scorpions
  A water moccasin skeleton (D:5)
  4 wights (D:9)
  3 howler monkeys
  3 centaur zombies
  A bullfrog zombie (D:6)
  3 orc priests
  A bullfrog skeleton (D:6)
  A jelly (D:4)
  Crazy Yiuf (D:4)
  3 hounds (D:5)
  3 centaur skeletons
  A gnoll shaman (D:6)
  Natasha (thrice) (D:4)
  3 orc wizards
  5 iguanas
  A howler monkey zombie (D:10)
  4 gnolls (D:6)
  2 adders
  2 shadow imps
  A white imp (D:6)
  3 ufetubi
  2 adder skeletons
  A worm (D:4)
  3 dart slugs
  18 orcs
  8 ball pythons
  An endoplasm (D:4)
  4 giant cockroaches
  11 goblins
  7 hobgoblins
  8 jackals
  4 quokkas
  7 bats
  A frilled lizard (D:1)
  5 kobolds
159 creatures vanquished.

Vanquished Creatures (others)
  25 plants (D:6)
  2 starspawn tentacles (Abyss:1)
27 creatures vanquished.

Grand Total: 186 creatures vanquished

Notes
Turn   | Place    | Note
-------+----------+-------------------------------------------
     0 | D:1      | rogsnak the Demonspawn Air Elementalist began the quest for
                  | the Orb.
     0 | D:1      | Reached XP level 1. HP: 13/13 MP: 3/3
   166 | D:1      | Gained mutation: You regenerate magic rapidly. [demonic
                  | ancestry]
   166 | D:1      | Reached XP level 2. HP: 15/19 MP: 0/5
  1003 | D:1      | Reached XP level 3. HP: 25/25 MP: 3/6
  1225 | D:2      | Found a hide-covered altar of Uskayaw.
  1431 | D:2      | Found a faded altar of an unknown god.
  2170 | D:3      | Learned a level 3 spell: Swiftness
  2341 | D:3      | Found Recloq's Assorted Antiques.
  2550 | D:3      | Reached skill level 2 in Conjurations
  3015 | D:4      | Reached XP level 4. HP: 31/31 MP: 5/7
  3179 | D:4      | Noticed a scorpion
  3191 | D:4      | Killed a scorpion
  3192 | D:4      | Gained mutation: You have an unusually large brain. (Int
                  | +2) [demonic ancestry]
  3192 | D:4      | Reached XP level 5. HP: 26/36 MP: 1/9
  3304 | D:4      | Learned a level 4 spell: Airstrike
  3311 | D:4      | Reached skill level 3 in Conjurations
  3342 | D:4      | Reached skill level 1 in Fighting
  3426 | D:4      | Noticed Menkaure
  3440 | D:4      | Killed Menkaure
  3441 | D:4      | Reached XP level 6. HP: 43/43 MP: 5/10
  3500 | D:4      | Noticed Edmund
  3510 | D:4      | Killed Edmund
  3511 | D:4      | Reached skill level 4 in Conjurations
  3636 | D:4      | Found a runed translucent door.
  3637 | D:4      | Noticed Crazy Yiuf
  3657 | D:4      | Killed Crazy Yiuf
  3698 | D:4      | Noticed Sigmund
  3840 | D:4      | Noticed Natasha
  3846 | D:4      | Killed Natasha
  3866 | D:4      | Noticed Natasha
  3870 | D:4      | Killed Natasha
  3871 | D:4      | Gained mutation: When hurt, damage is shared between your
                  | health and your magic reserves. [demonic ancestry]
  3871 | D:4      | Reached XP level 7. HP: 34/48 MP: 7/12
  3901 | D:4      | Noticed Natasha
  3909 | D:4      | Killed Natasha
  3910 | D:4      | Reached skill level 5 in Conjurations
  4088 | D:5      | Entered Level 5 of the Dungeon
  4577 | D:5      | Noticed a vampire
  4585 | D:5      | Killed a vampire
  4644 | D:5      | Reached skill level 6 in Conjurations
  4644 | D:5      | Reached XP level 8. HP: 47/54 MP: 8/14
  4850 | D:5      | Reached skill level 5 in Air Magic
  5298 | D:6      | Found Tigawuy's Book Shop.
  5430 | D:6      | Noticed a komodo dragon
  5720 | D:6      | Reached skill level 5 in Spellcasting
  5884 | D:6      | Reached skill level 7 in Conjurations
  7127 | D:7      | Reached XP level 9. HP: 61/61 MP: 13/17
  7160 | D:7      | Found a staircase to the Ecumenical Temple.
  7166 | Temple   | Entered the Ecumenical Temple
  7191 | Temple   | Became a worshipper of Sif Muna the Loreminder
  8398 | D:9      | Noticed a two-headed ogre
  8631 | D:9      | Reached skill level 8 in Conjurations
  9016 | D:9      | Killed an unseen horror
  9229 | D:9      | Noticed a two-headed ogre
  9345 | D:9      | Noticed a troll
  9678 | D:9      | Killed a troll
  9741 | D:9      | Reached * piety under Sif Muna
  9742 | D:9      | Reached XP level 10. HP: 31/68 MP: 4/20
  9874 | D:9      | Noticed a centaur warrior
 10080 | D:10     | Entered Level 10 of the Dungeon
 10152 | D:10     | Noticed Erolcha
 10152 | D:10     | Cast into level 1 of the Abyss (Erolcha)
 10203 | Abyss:1  | Noticed a large abomination
 10262 | Abyss:1  | Noticed a sun demon
 10271 | Abyss:1  | Noticed a yellow draconian annihilator
 10293 | Abyss:1  | Noticed a sixfirhy
 10298 | Abyss:1  | Noticed a will-o-the-wisp
 10307 | Abyss:1  | Found a corrupted altar of Lugonu.
 10332 | Abyss:1  | Noticed a large abomination
 10388 | Abyss:1  | Noticed a bone dragon
 10405 | Abyss:1  | Noticed a large abomination
 10414 | Abyss:1  | Noticed a thrashing horror
 10421 | Abyss:1  | Noticed a tentacled starspawn
 10434 | Abyss:1  | Noticed a bone dragon
 10532 | Abyss:1  | Noticed a tentacled starspawn
 10617 | Abyss:1  | Noticed an orange demon
 10639 | Abyss:1  | Noticed a thrashing horror
 10659 | Abyss:1  | Noticed a flayed ghost
 10669 | Abyss:1  | Noticed a tentacled starspawn
 10671 | Abyss:1  | Identified a scroll of acquirement
 10700 | Abyss:1  | Noticed a large abomination
 10709 | Abyss:1  | Noticed a wretched star
 10712 | Abyss:1  | Noticed a vampire mage
 10720 | Abyss:1  | Noticed a large abomination
 10725 | Abyss:1  | HP: 1/68 [efreet (17)]
 10725 | Abyss:1  | Slain by an efreet

Illustrated notes

Levels and vault maps discovered:
D:1:      lemuel_arrival_muddy, layout_loops_ring, grunt_decor_junction,
          st_stairs_5, hangedman_decor_slide_cut, minivault_14
D:2:      layout_basic, basic_altar, chequers_ecumenical_altar_grove
D:3:      layout_loops_ring, serial_shops, shop
D:4:      nicolae_cairo_tiling_large_dashed, layout_loops_ring, uniq_sigmund,
          uniq_edmund, uniq_natasha, uniq_menkaure, uniq_crazy_yiuf_cottage
D:5:      layout_basic, mainiacjoe_overflow_boulevard
D:6:      layout_loops_ring, serial_shops, shop_statue, minmay_misc_feat_chi,
          nicolae_grassy_gnolls
D:7:      layout_basic, minmay_temple_entry_hall
D:8:      layout_gridville, kennysheep_decorative_pillar
D:9:      cheibrodos_barr_body, layout_loops_ring
D:10:     layout_rooms, lightli_corner_chamber, uniq_erolcha, uniq_grum
Temple:   compressed_dpeg_circular_temple
Abyss:1:  base: D:1, hangedman_abyss_stitches_cave, minivault_25,
          evilmike_abyss_exit_glass

Skill      XL: |  1  2  3  4  5  6  7  8  9 |
---------------+----------------------------+-----
Air Magic      | 3 4 5 7 |  7.4
Dodging        | 2 3 |  3.9
Conjurations   | 2 3 4 6 7 8 |  8.7
Fighting       | 1 2 |  2.5
Spellcasting   | 3 4 5 7 |  7.3
Armour         | |  0.2
Stealth        | |  1.8

Action                   |  1- 3 |  4- 6 |  7- 9 | 10-12 || total
-------------------------+-------+-------+-------+-------++-------
Melee: Club              |    16 |       |       |       ||    16
       Short sword       |     6 |     8 |    73 |     4 ||    91
 Cast: Shock             |    95 |    69 |   243 |     5 ||   412
       Swiftness         |       |     2 |     4 |       ||     6
       Airstrike         |       |       |    26 |     3 ||    29
Evoke: Wand              |       |       |       |     2 ||     2
  Use: Scroll            |       |       |       |    10 ||    10
       Potion            |       |       |       |     1 ||     1
 Stab: Paralysed         |       |       |       |     1 ||     1
Armor: Robe              |     8 |     1 |    37 |       ||    46
       Troll leather arm |       |       |     2 |    11 ||    13
Dodge: Dodged            |    30 |    11 |   117 |    36 ||   194

Table legend: (Time is in decaauts)
 A = Elapsed time spent in this place.
 B = Non-inter-level travel time spent in this place.
 C = Inter-level travel time spent in this place.
 D = Time resting spent in this place.
 E = Time spent auto-exploring this place.
 F = Levels seen in this place.
 G = Mean time per level.
                   A        B        C        D        E       F      G
               +--------+--------+--------+--------+--------+-----+--------+
         Total |  10745 |  10410 |    335 |   2280 |   5057 |  12 |  895.4 |
       Dungeon |  10131 |   9796 |    335 |   2226 |   5044 |  10 | 1013.1 |
        Temple |     40 |     40 |      0 |      0 |     13 |   1 |   40.0 |
         Abyss |    573 |    573 |      0 |     54 |      0 |   1 |  573.0 |
               +--------+--------+--------+--------+--------+-----+--------+

Top non-repeatable levels by time:
     D:5: 1453 daAuts
     D:8: 1444 daAuts
     D:9: 1281 daAuts
     D:1: 1193 daAuts
     D:6: 1126 daAuts
     D:4: 1030 daAuts
     D:3: 948 daAuts
     D:2: 921 daAuts
     D:7: 661 daAuts
 Abyss:1: 573 daAuts
    D:10: 71 daAuts
  Temple: 40 daAuts
